 Dungeon Crawl Stone Soup version 0.28.0-53-g5a82cb258f (webtiles) character file.

Game seed: 12566754545148478958

599 tkbsonic5 the Skirmisher (level 7, -1/62 HPs)
             Began as a Hill Orc Fighter on Aug 21, 2022.
             Succumbed to Sigmund's poison
             ... on level 5 of the Dungeon.
             The game lasted 00:13:48 (4069 turns).

tkbsonic5 the Skirmisher (Hill Orc Fighter)         Turns: 4069, Time: 00:13:49

Health: -1/62      AC: 10    Str: 19    XL:     7   Next: 41%
Magic:  7/7        EV:  7    Int:  8    God:
Gold:   149        SH: 10    Dex: 12    Spells: 6/6 levels left

rFire   . . .      SeeInvis .   m - +0 broad axe
rCold   . . .      Faith    .   c - +0 buckler
rNeg    + . .      Spirit   .   p - +1 chain mail
rPois   .          Reflect  +   (no helmet)
rElec   .          Harm     .   (no cloak)
rCorr   .          Rampage  .   (no gloves)
Will    .....                   (no boots)
Stlth   ..........              h - amulet of reflection
HPRegen 0.20/turn               n - ring of positive energy
MPRegen 0.10/turn               (no ring)

@: lethally poisoned (-1 -> -11)
A: no striking features
a: no special abilities


You were on level 5 of the Dungeon.
You visited 1 branch of the dungeon, and saw 5 of its levels.

You collected 149 gold pieces.

Inventory:

Hand Weapons
 a - a +0 war axe
 m - a +0 broad axe (weapon)
Missiles
 q - a throwing net (quivered)
Armour
 b - a +0 scale mail
 c - a +0 buckler (worn)
 p - a +1 chain mail (worn)
Jewellery
 h - an amulet of reflection (around neck)
 i - an amulet of faith
 n - a ring of positive energy (left hand)
Scrolls
 g - a scroll of vulnerability {unknown}
 o - a scroll of amnesia {unknown}
 r - a scroll of identify
Potions
 e - 2 potions of magic


   Skills:
 * Level 5.8 Fighting
 * Level 5.6 Axes
 * Level 2.2 Throwing
 + Level 4.5 Armour
 + Level 1.8 Dodging
 + Level 4.3 Shields


You had 6 spell levels left.
You didn't know any spells.
Your spell library contained the following spells:

 Spells                   Type           Power      Damage    Failure   Level
 Beastly Appendage        Tmut           0%         N/A       99%         1
 Blink                    Tloc           0%         N/A       100%        2
 Sublimation of Blood     Necr           0%         N/A       100%        2
 Wereblood                Tmut           0%         N/A       100%        2
 Ignite Poison            Fire/Tmut/Pois 0%         N/A       100%        3
 Lesser Beckoning         Tloc           0%         N/A       100%        3
 Spider Form              Tmut/Pois      0%         N/A       100%        3
 Petrify                  Tmut/Erth      0%         N/A       100%        4
 Irradiate                Conj/Tmut      0%         3d14      100%        5
 Manifold Assault         Tloc           0%         N/A       100%        5
 Polar Vortex             Ice            0%         N/A       100%        9


Dungeon Overview and Level Annotations

Branches:
Dungeon (5/15)
 Temple: D:4-7

Altars:
Cheibriados
Ru

Annotations:
D:2 Crazy Yiuf
D:4 2 transporters
D:5 Sigmund


Message History

You block the orc's attack.
It was a potion of brilliance.
You feel clever all of a sudden.
Sigmund laughs darkly.
The orc hits you but does no damage.
You feel very mighty all of a sudden. You block the iguana's attack.
Sigmund mumbles some strange words.
Sigmund flickers and vanishes!
Deactivating autopickup; reactivate with Ctrl-A.
The orc wizard hits you but does no damage.
The orc barely misses you. The orc hits you with a +0 flail.
* * * LOW HITPOINT WARNING * * *
The orc wizard hits you but does no damage.
You block the orc's attack.
You closely miss the iguana. You block the iguana's attack.
The iguana bites you.
* * * LOW HITPOINT WARNING * * *
You hit the iguana.
The iguana is moderately wounded.
You block the iguana's attack.
You slash the iguana!
You kill the iguana!
You closely miss the orc wizard.
The orc wizard points at you and mumbles some strange words.
The puff of flame hits you but does no damage.
You closely miss the orc. Something hits you.
* * * LOW HITPOINT WARNING * * *
You are lethally poisoned!
Your magical effects are unravelling.
You feel magically purged.
You feel a little less mighty now.
You feel a little less clever now.
* * * LOW HITPOINT WARNING * * *
You feel very sick. You block something's attack.
The orc wizard casts a spell at you. You resist with some effort.
You slash the orc wizard!
The orc wizard is almost dead.
You die...

###... .....
###. .# #####
# .. #...
#.#####.###
#.........#
#.......#.#
##.......#@#
..$......##o#
####....o..o#
##########


You could see an orc wizard and an orc.

Vanquished Creatures
  Menkaure (D:4)
  An ogre (D:5)
  A water moccasin skeleton (D:5)
  2 hounds (D:4)
  An iguana (D:5)
  2 orc wizards (D:4)
  2 hound skeletons (D:4)
  Robin (D:2)
  4 adders
  4 gnolls (D:3)
  A howler monkey skeleton (D:5)
  An adder skeleton (D:4)
  2 dart slugs
  8 orcs
  3 bats
  4 endoplasms
  2 giant cockroaches
  11 goblins
  13 hobgoblins
  4 jackals (D:2)
  4 kobolds
  A quokka (D:4)
  4 ball pythons
  4 frilled lizards
  3 rats
84 creatures vanquished.

Vanquished Creatures (others)
  A kobold (D:2)
1 creature vanquished.

Grand Total: 85 creatures vanquished

Notes
Turn   | Place    | Note
-------+----------+-------------------------------------------
     0 | D:1      | tkbsonic5 the Hill Orc Fighter began the quest for the Orb.
     0 | D:1      | Reached XP level 1. HP: 19/19 MP: 1/1
   422 | D:1      | Reached XP level 2. HP: 27/27 MP: 2/2
   896 | D:2      | Reached XP level 3. HP: 23/33 MP: 3/3
  1240 | D:2      | Noticed Robin
  1247 | D:2      | Killed Robin
  1248 | D:2      | Reached XP level 4. HP: 26/41 MP: 4/4
  1413 | D:2      | Found a runed translucent door.
  1414 | D:2      | Noticed Crazy Yiuf
  1589 | D:2      | Found a faded altar of an unknown god.
  2022 | D:3      | Found a sacrificial altar of Ru.
  2022 | D:3      | Found a snail-covered altar of Cheibriados.
  2062 | D:3      | Got Gerij's Compendium of Snow and Contamination
  2564 | D:3      | Reached XP level 5. HP: 47/47 MP: 5/5
  2684 | D:3      | Reached skill level 1 in Dodging
  2915 | D:4      | Noticed Menkaure
  2971 | D:4      | Found a transporter.
  2991 | D:4      | Killed Menkaure
  2992 | D:4      | Reached skill level 5 in Fighting
  2992 | D:4      | Reached skill level 1 in Throwing
  2992 | D:4      | Reached XP level 6. HP: 5/56 MP: 6/6
  3554 | D:4      | Reached skill level 5 in Axes
  3624 | D:4      | Found a transporter.
  3912 | D:5      | Entered Level 5 of the Dungeon
  3948 | D:5      | Reached XP level 7. HP: 55/62 MP: 7/7
  4054 | D:5      | Noticed Sigmund
  4068 | D:5      | HP: 3/62 [poisoned by Sigmund]
  4069 | D:5      | Succumbed to Sigmund's poison

Illustrated notes

Levels and vault maps discovered:
D:1:      lightli_molten_gateway, layout_basic
D:2:      layout_rooms, hellmonk_ecumenical_altar_prayer_group,
          grunt_ministairs_13, minmay_tiny_reverse_x, uniq_robin,
          uniq_crazy_yiuf_cottage
D:3:      layout_loops_ring, gammafunk_temple_overflow_wave
D:4:      gammafunk_wand_slinger, layout_cave_pools,
          nicolae_concentric_dashed_squares_mild, uniq_menkaure
D:5:      layout_loops_cross, grunt_temple_overflow_order_and_chaos_1,
          lemuel_temple_firewalk_b, uniq_sigmund, uniq_prince_ribbit1

Skill      XL: |  1  2  3  4  5  6 |
---------------+-------------------+-----
Axes           | 3 4 5 |  5.6
Fighting       | 4 5 |  5.8
Armour         | 4 |  4.5
Dodging        | 1 |  1.8
Throwing       | 1 2 |  2.2
Shields        | 4 |  4.3

Action                   |  1- 3 |  4- 6 |  7- 9 || total
-------------------------+-------+-------+-------++-------
Melee: War axe           |    98 |   116 |       ||   214
       Broad axe         |       |    13 |    28 ||    41
Throw: Boomerang         |       |    18 |     3 ||    21
       Throwing net      |       |       |     2 ||     2
  Use: Scroll            |     1 |    11 |     1 ||    13
       Potion            |     1 |     5 |     3 ||     9
Armor: Scale mail        |    42 |       |       ||    42
       Chain mail        |       |    50 |    11 ||    61
Dodge: Dodged            |    31 |    32 |     7 ||    70
Block: Buckler           |    40 |    63 |    16 ||   119
       Reflection        |       |     5 |       ||     5
